 Dungeon Crawl Stone Soup version 0.30-a0-956-gcec3b41aec (webtiles) character file.

Game seed: 10526892043273635001

16783 mopl the Tainter (level 12, -18/91 HPs)
             Began as a Formicid Venom Mage on Mar 29, 2023.
             Was a High Priest of Cheibriados.
             Demolished by Rupert
             ... wielding a +1 heavy great sword
              (54 damage)
             ... on level 12 of the Dungeon.
             The game lasted 00:24:32 (10345 turns).

mopl the Tainter (Formicid Venom Mage)             Turns: 10345, Time: 00:24:32

Health: -18/91     AC: 11    Str: 28    XL:     12   Next: 74%
Magic:  1/19       EV: 17    Int: 33    God:    Cheibriados [*****.]
Gold:   903        SH: 13    Dex: 34    Spells: 10/21 levels left

rFire   + . .      SeeInvis +    b - staff of poison
rCold   . . .      Faith    +    S - +0 kite shield
rNeg    + . .      Spirit   .    Q - +2 ring mail {rF+}
rPois   +          Reflect  .    (helmet unavailable)
rElec   .          Rampage  .    V - +2 cloak {rCorr}
rCorr   +                        (no gloves)
Will    +....                    (no boots)
Stlth   +++                      k - amulet of faith {!P}
HPRegen 0.35/turn                H - ring of positive energy
MPRegen 0.16/turn                c - +6 ring of dexterity

@: very slow
A: permanent stasis, dig shafts and tunnels, antennae 3, four strong arms
a: Dig, Shaft Self, Renounce Religion, Bend Time, Temporal Distortion, Slouch,
Step From Time


You were on level 12 of the Dungeon.
You worshipped Cheibriados.
Cheibriados was extremely pleased with you.
You visited 2 branches of the dungeon, and saw 13 of its levels.
You also visited: Bailey.

You collected 1399 gold pieces.
You spent 496 gold pieces at shops.

Inventory:

Hand Weapons
 a - the +4 scimitar of Blood {freeze, Will+ Int+5}
   (You found it on level 3 of the Dungeon)

   Int:       It affects your intelligence (+5).
   Will:      It increases your willpower.
 R - the +12 pair of quick blades "Gyre" and "Gimble" {protect}
   (You found it on level 9 of the Dungeon)
Missiles
 h - 3 silver boomerangs
 p - 83 poisoned darts
 q - 4 javelins
 K - 19 boomerangs
 L - 8 curare-tipped darts
 P - 8 atropa-tipped darts
Armour
 I - +0 steam dragon scales
 Q - a +2 ring mail of fire resistance (worn)
 S - a +0 kite shield (worn)
 V - a +2 cloak of preservation (worn)
 W - a +2 ring mail of positive energy
 X - a +0 troll leather armour
Magical Staves
 b - a staff of poison (weapon)
 l - a staff of air
 C - a staff of earth
 F - a staff of death
Jewellery
 c - a +6 ring of dexterity (right hand)
 k - an amulet of faith (around neck) {!P}
 n - a ring of fire
 r - an amulet of regeneration
 H - a ring of positive energy (left hand)
Wands
 u - a wand of digging (8)
 y - a wand of roots (9)
 G - a wand of quicksilver (7)
 N - a wand of mindburst (9)
 Y - a wand of flame (7)
Scrolls
 e - 7 scrolls of teleportation
 i - a scroll of immolation
 s - 4 scrolls of amnesia {unknown}
 v - 4 scrolls of poison
 A - 2 scrolls of noise {unknown}
 B - 4 scrolls of fear {unknown}
 D - 3 scrolls of fog {unknown}
 E - a scroll of silence {!r}
 M - a scroll of blinking {unknown}
 O - a scroll of vulnerability
 T - a scroll of brand weapon
Potions
 d - 8 potions of heal wounds
 f - 5 potions of lignification {!q}
 g - 13 potions of ambrosia
 j - 9 potions of mutation {!q}
 m - 5 potions of curing
 o - a potion of brilliance
 t - 3 potions of flight
 w - a potion of berserk rage {!q}
 x - 2 potions of invisibility
 z - 3 potions of haste
 J - 4 potions of magic
 U - a potion of cancellation


   Skills:
 + Level 7.3 Fighting
 + Level 6.6 Throwing
 + Level 7.1 Armour
 + Level 6.4 Dodging
 - Level 2.4 Stealth
 + Level 4.7 Shields
 - Level 5.0 Spellcasting
 - Level 5.0 Transmutations
 + Level 12.6 Poison Magic
 + Level 7.1 Invocations
 + Level 7.2 Evocations


You had 10 spell levels left.
You knew the following spells:

 Your Spells              Type           Power      Damage    Failure   Level
a - Sting                 Tmut/Pois      100%       1d8       1%          1
c - Mephitic Cloud        Conj/Pois/Air  52%        N/A       9%          3
g - Ignite Poison         Fire/Tmut/Pois 63%        N/A       4%          3
o - Olgreb's Toxic Radia  Pois           95%        N/A       1%          4

Your spell library contained the following spells:

 Spells                   Type           Power      Damage    Failure   Level
 Poisonous Vapours        Pois/Air       100%       N/A       1%          2
 Scorch                   Fire           16%        2d6       22%         2
 Flame Wave               Conj/Fire      8%         2d5       83%         4
 Leda's Liquefaction      Hex/Erth       4%         N/A       83%         4
 Sticky Flame             Conj/Fire      8%         2d3       83%         4
 Lee's Rapid Deconstruct  Erth           4%         3d5*      99%         5
 Statue Form              Tmut/Erth      16%        N/A       100%        6
 Summon Cactus Giant      Summ           4%         N/A       100%        6
 Ignition                 Fire           4%         3d4       100%        8


Dungeon Overview and Level Annotations

Branches:
Dungeon (12/15)            Temple (1/1) D:6            Lair (0/5) D:8
 Bailey (visited)
    Orc: D:9-12

Altars:
Ashenzari
Cheibriados
Dithmenos
Elyvilon
Fedhas
Gozag
Hepliaklqana
Kikubaaqudgha
Makhleb
Nemelex Xobeh
Okawaru
Qazlal
Ru
Sif Muna
Trog
Uskayaw
Wu Jian
Xom
Yredelemnul
Zin
The Shining One

Shops:
D:6 [!((   D:8 [=?(:

Annotations:
D:12 Rupert


Innate Abilities, Weirdness & Mutations

You cannot be hasted, slowed, berserked, paralysed or teleported.
You can dig through walls and to a lower floor.
You have a pair of large antennae on your head. (SInv)
Your four strong arms can wield two-handed weapons with a shield.


Message History

Rupert is moderately wounded.
An unseen horror comes into view.
Rupert is engulfed in blazing flames.
You block Rupert's attack.
Unknown command.
Activating: Slouch (8% risk of failure)
Press: ? - help, Dir - look around, f - activate You can feel time thicken for a moment.
You kill the unseen horror!
Cheibriados thoroughly appreciates the change of pace.
Cheibriados lowers the support of your attributes as your movement quickens.
Rupert looks even sicker.
Rupert is engulfed in blazing flames.
You block Rupert's attack.
Unknown command.
Unknown command.
Aiming: Quicksilver Bolt
Press: ? - help, Shift-Dir - straight line, f - Rupert
Aim: Rupert, wielding a +1 heavy great sword and wearing a +2 ring mail of fire resistance (flame, heavily wounded, berserk, very poisoned, 77% to hit)
The bolt of dispelling energy hits Rupert!
Rupert is severely wounded.
Rupert is engulfed in blazing flames.
Rupert hits you with a +1 heavy great sword!!!
Ouch! That really hurt!
Unknown command.
Unknown command.
Aiming: Quicksilver Bolt
Press: ? - help, Shift-Dir - straight line, f/p - Rupert
Aim: Rupert, wielding a +1 heavy great sword and wearing a +2 ring mail of fire resistance (flame, severely wounded, berserk, very poisoned, 77% to hit)
The bolt of dispelling energy misses Rupert.
Rupert looks even sicker.
Your toxic aura wanes.
Rupert is engulfed in blazing flames.
Rupert closely misses you.
Aiming: Fastroot
Press: ? - help, Shift-Dir - straight line, f/p - Rupert
Aim: Rupert, wielding a +1 heavy great sword and wearing a +2 ring mail of fire resistance (flame, severely wounded, berserk, very poisoned)
The roots erupt in riotous growth!
Roots grab Rupert.
The grasping roots constrict Rupert!
Rupert is engulfed in blazing flames.
Rupert hits you with a +1 heavy great sword!!!
Ouch! That really hurt!
You die...

#.# ..##
# #..##
#. #...
#..###○.#
#....?☼°#
#...@.#
#@.# ##.#
... .#...
###..#
..# ...
##


You could see Rupert (berserk, very poisoned, rooted).

Vanquished Creatures
  Erolcha (D:10)
  5 two-headed ogres
  An ugly thing (D:11)
  An elephant (D:8)
  Maurice (D:10)
  A komodo dragon (D:11)
  2 kobold demonologists (D:11)
  2 unseen horrors
  A queen bee (D:11)
  A troll (D:11)
  3 slime creatures (D:7)
  A spriggan (D:9)
  9 yaks
  4 wyverns
  A shadow (D:11)
  Grum (D:10)
  2 basilisks (D:8)
  4 vampire mosquitoes (D:11)
  A steam dragon (D:6)
  An acid dragon (D:11)
  Duvessa (D:7)
  11 orc warriors
  2 sky beasts (D:8)
  An ice beast (D:7)
  An ogre (D:6)
  3 wolves (D:10)
  8 centaurs
  A phantom (D:5)
  16 kobold brigands
  6 bullfrogs
  2 scorpions (D:6)
  8 wights
  Dowan (D:7)
  20 killer bees
  2 howler monkeys (D:7)
  An electric eel (D:8)
  A hound (D:7)
  4 jellies
  5 orc priests
  A gnoll bouda (D:7)
  3 sleepcaps
  4 iguanas
  6 orc wizards
  5 adders
  15 gnolls
  10 river rats (D:5)
  A shadow imp (D:5)
  2 white imps
  3 ufetubi (D:5)
  5 worms
  6 dart slugs
  32 orcs
  12 endoplasms
  5 giant cockroaches
  9 goblins
  15 hobgoblins
  6 jackals (D:2)
  34 kobolds
  11 quokkas
  8 ball pythons
  4 bats
  3 frilled lizards (D:3)
  21 rats
358 creatures vanquished.

Vanquished Creatures (others)
  6 fungi (D:7)
  8 toadstools (D:7)
14 creatures vanquished.

Grand Total: 372 creatures vanquished

Notes
Turn   | Place    | Note
-------+----------+-------------------------------------------
     0 | D:1      | mopl the Formicid Venom Mage began the quest for the Orb.
     0 | D:1      | Reached XP level 1. HP: 13/13 MP: 3/3
    66 | D:1      | Reached XP level 2. HP: 19/19 MP: 1/5
   370 | D:1      | Reached XP level 3. HP: 24/24 MP: 5/7
   551 | D:1      | Reached skill level 3 in Spellcasting
   652 | D:1      | Reached skill level 5 in Poison Magic
  1050 | D:2      | Reached XP level 4. HP: 24/30 MP: 3/8
  1095 | D:2      | Learned a level 4 spell: Olgreb's Toxic Radiance
  1273 | D:2      | Reached skill level 6 in Poison Magic
  1489 | D:2      | Reached XP level 5. HP: 22/35 MP: 5/9
  1869 | D:3      | Identified the +4 scimitar of Blood {freeze, Will+ Int+5}
  1973 | D:3      | Reached skill level 7 in Poison Magic
  2119 | D:3      | Reached XP level 6. HP: 41/41 MP: 10/10
  2136 | D:3      | Reached skill level 8 in Poison Magic
  2601 | D:3      | Found a glowing golden altar of the Shining One.
  3253 | D:4      | Found a glowing silver altar of Zin.
  3562 | D:5      | Entered Level 5 of the Dungeon
  3771 | D:5      | Reached skill level 9 in Poison Magic
  3771 | D:5      | Reached XP level 7. HP: 33/46 MP: 11/11
  3809 | D:5      | Found a burning altar of Makhleb.
  4065 | D:5      | Reached skill level 2 in Dodging
  4072 | D:5      | Reached skill level 1 in Throwing
  4072 | D:5      | Reached skill level 1 in Evocations
  4217 | D:5      | Reached skill level 1 in Fighting
  4217 | D:5      | Reached skill level 1 in Armour
  4670 | D:6      | Reached XP level 8. HP: 52/54 MP: 7/12
  4677 | D:6      | Found Muopalee's Distillery.
  4679 | D:6      | Found Tihoshrou's Armour Boutique.
  4680 | D:6      | Found Qeukinn's Weapon Boutique.
  4681 | D:6      | Found Ikoo's Antique Weapon Boutique.
  4690 | D:6      | Bought a potion of curing for 33 gold pieces
  4690 | D:6      | Bought a potion of mutation for 88 gold pieces
  4690 | D:6      | Bought a potion of heal wounds for 55 gold pieces
  4690 | D:6      | Bought a potion of lignification for 33 gold pieces
  4690 | D:6      | Bought a potion of ambrosia for 88 gold pieces
  4690 | D:6      | Bought a potion of heal wounds for 55 gold pieces
  4749 | D:6      | Reached skill level 2 in Fighting
  4749 | D:6      | Reached skill level 2 in Throwing
  4749 | D:6      | Reached skill level 2 in Evocations
  4758 | D:6      | Reached skill level 2 in Armour
  4780 | D:6      | Reached skill level 3 in Dodging
  4988 | D:6      | Found a staircase to the Ecumenical Temple.
  4997 | Temple   | Entered the Ecumenical Temple
  5055 | Temple   | Became a worshipper of Cheibriados the Contemplative
  5103 | D:6      | Reached skill level 10 in Poison Magic
  5244 | D:6      | Reached skill level 1 in Invocations
  5302 | D:6      | Reached skill level 3 in Evocations
  5511 | D:6      | Reached skill level 3 in Fighting
  5511 | D:6      | Reached skill level 3 in Armour
  5511 | D:6      | Reached XP level 9. HP: 55/63 MP: 5/13
  5621 | D:7      | Learned a level 3 spell: Ignite Poison
  5636 | D:7      | Reached skill level 3 in Throwing
  5637 | D:7      | Reached skill level 2 in Invocations
  5729 | D:7      | Reached * piety under Cheibriados
  5842 | D:7      | Found a blossoming altar of Fedhas.
  5842 | D:7      | Found an opulent altar of Gozag.
  5898 | D:7      | Noticed Duvessa
  5906 | D:7      | Killed Duvessa
  5907 | D:7      | Reached skill level 2 in Transmutations
  5954 | D:7      | Noticed Dowan
  5961 | D:7      | Killed Dowan
  6289 | D:7      | Reached ** piety under Cheibriados
  6346 | D:7      | Reached skill level 4 in Fighting
  6346 | D:7      | Reached skill level 4 in Dodging
  6346 | D:7      | Reached skill level 3 in Invocations
  6346 | D:7      | Reached skill level 4 in Evocations
  6412 | D:7      | Reached skill level 4 in Armour
  6417 | D:7      | Reached skill level 4 in Spellcasting
  6417 | D:7      | Reached XP level 10. HP: 40/72 MP: 2/16
  6661 | D:7      | Reached skill level 4 in Throwing
  7145 | D:8      | Reached skill level 3 in Transmutations
  7150 | D:8      | Found Toakiph's Jewellery Shop.
  7163 | D:8      | Found Fuizemia's Weapon Emporium.
  7210 | D:8      | Found Noitheyd's Magic Scroll Shop.
  7213 | D:8      | Bought a scroll of vulnerability for 48 gold pieces
  7213 | D:8      | Bought a scroll of poison for 48 gold pieces
  7213 | D:8      | Bought a scroll of identify for 24 gold pieces
  7213 | D:8      | Bought a scroll of identify for 24 gold pieces
  7241 | D:8      | Noticed an elephant
  7247 | D:8      | Reached *** piety under Cheibriados
  7248 | D:8      | Reached skill level 11 in Poison Magic
  7248 | D:8      | Reached skill level 4 in Invocations
  7251 | D:8      | Found a staircase to the Lair.
  7258 | D:8      | Killed an elephant
  7268 | D:8      | Found Roghihoh's Antique Armour Shoppe.
  7319 | D:8      | Reached skill level 5 in Fighting
  7319 | D:8      | Reached skill level 5 in Evocations
  7327 | D:8      | Reached **** piety under Cheibriados
  7328 | D:8      | Reached skill level 5 in Armour
  7356 | D:8      | Found a flagged portal.
  7364 | Bailey   | Entered a bailey
  7476 | Bailey   | Reached skill level 4 in Transmutations
  7727 | Bailey   | Reached XP level 11. HP: 80/80 MP: 10/18
  7782 | Bailey   | Reached ***** piety under Cheibriados
  7783 | Bailey   | Reached skill level 5 in Dodging
  7785 | Bailey   | Reached skill level 5 in Throwing
  7785 | Bailey   | Reached skill level 5 in Spellcasting
  7793 | Bailey   | Found an iron altar of Okawaru.
  8071 | D:8      | Found Vineapyl's Book Emporium.
  8400 | D:9      | Found an ornate altar of the Wu Jian Council.
  8504 | D:9      | Reached skill level 5 in Invocations
  8573 | D:9      | Noticed a two-headed ogre
  8573 | D:9      | Noticed a two-headed ogre
  8578 | D:9      | Killed a two-headed ogre
  8580 | D:9      | Killed a two-headed ogre
  8581 | D:9      | Reached skill level 6 in Fighting
  8645 | D:9      | Found the +12 pair of quick blades "Gyre" and "Gimble"
                  | {protect}
  8712 | D:9      | Noticed a +0 falchion
  8712 | D:9      | Noticed a +0 falchion
  8713 | D:9      | Noticed a +0 spear
  8714 | D:9      | Noticed a +0 dagger
  8714 | D:9      | Noticed a +0 spear
  8714 | D:9      | Noticed a +0 short sword
  8714 | D:9      | Noticed a +0 dagger
  8715 | D:9      | Noticed a +0 short sword
  8716 | D:9      | Found a hide-covered altar of Uskayaw.
  8743 | D:9      | Noticed a two-headed ogre
  8751 | D:9      | Killed a two-headed ogre
  8752 | D:9      | Reached skill level 6 in Evocations
  8798 | D:9      | Reached skill level 1 in Shields
  8798 | D:9      | Reached skill level 5 in Transmutations
  8800 | D:9      | Reached skill level 6 in Armour
  9039 | D:10     | Entered Level 10 of the Dungeon
  9039 | D:10     | Noticed Erolcha
  9043 | D:10     | Killed Erolcha
  9124 | D:10     | Noticed Grum
  9129 | D:10     | Killed Grum
  9130 | D:10     | Reached skill level 2 in Shields
  9130 | D:10     | Reached skill level 12 in Poison Magic
  9162 | D:10     | Reached skill level 6 in Invocations
  9235 | D:10     | Reached XP level 12. HP: 85/89 MP: 12/19
  9318 | D:10     | Noticed Maurice
  9323 | D:10     | Reached skill level 6 in Throwing
  9326 | D:10     | Killed Maurice
  9332 | D:10     | Learned a level 3 spell: Mephitic Cloud
  9407 | D:10     | Reached skill level 3 in Shields
  9465 | D:11     | Reached ****** piety under Cheibriados
  9487 | D:11     | Reached skill level 6 in Dodging
  9692 | D:11     | Reached skill level 7 in Fighting
  9817 | D:11     | Reached skill level 4 in Shields
  9831 | D:11     | Noticed a two-headed ogre
  9836 | D:11     | Killed a two-headed ogre
  9837 | D:11     | Reached skill level 7 in Evocations
  9875 | D:11     | Reached skill level 7 in Armour
  9942 | D:11     | Reached skill level 7 in Invocations
 10091 | D:11     | Noticed a two-headed ogre
 10096 | D:11     | Killed a two-headed ogre
 10336 | D:12     | Noticed Rupert
 10345 | D:12     | Demolished by Rupert

Illustrated notes

Levels and vault maps discovered:
D:1:      elethiomel_arrival_infinity_welcomes_careful_drivers,
          layout_loops_corners
D:2:      layout_loops_cross
D:3:      minmay_inner_zag, layout_loops_corners, mainiacjoe_overflow_24_doors,
          ebering_dispersal_statue_hall, minmay_goblin_kobold_house
D:4:      layout_loops_ring, mainiacjoe_overflow_catwalk
D:5:      lemuel_ratsnest, layout_loops_ring, mainiacjoe_overflow_brackets
D:6:      layout_rooms, temple_pool_b, minmay_statues_item,
          minmay_shop_grid_forest
D:7:      cheibrodos_fertilizer, layout_basic, grunt_temple_overflow_open,
          uniq_duvessa
D:8:      layout_cave_pools, david_lair_generic, enter_bailey_3, serial_shops,
          nicolae_shop_behind_doors, nicolae_shop_window_shopping, shop,
          nicolae_diamond_shop, nicolae_inconvenience_store
D:9:      layout_roguey, nicolae_uskayaw_en_pointe, nzn_wu_jian_council_hall,
          hellmonk_guarded_unrand_gyre_and_gimble
D:10:     layout_rooms, serial_corexii_hall, chequers_hall_statues_corner_a,
          chequers_hall_statues_wall_a, uniq_grum, uniq_erolcha, uniq_maurice
D:11:     layout_cave_pools, serial_glass, glass_columns_a, glass_columns_c,
          minivault_1, minivault_7
D:12:     layout_loops_ring, minmay_orc_entry_temple_small, uniq_rupert
Temple:   nicolae_temple_bog_church

Skill      XL: |  1  2  3  4  5  6  7  8  9 10 11 12 |
---------------+-------------------------------------+-----
Spellcasting   | 3 4 5 |  5.0
Poison Magic   | 5 6 7 9 10 11 12 | 12.6
Dodging        | 2 3 4 5 6 |  6.4
Throwing       | 1 2 3 4 5 6 |  6.6
Evocations     | 1 3 4 5 6 7 |  7.2
Fighting       | 1 3 4 5 6 7 |  7.3
Armour         | 1 3 4 5 6 7 |  7.1
Invocations    | 1 3 4 6 7 |  7.1
Transmutations | 2 4 5 |  5.0
Shields        | 2 4 |  4.7
Stealth        | |  2.4

Action                     |  1- 3 |  4- 6 |  7- 9 | 10-12 || total
---------------------------+-------+-------+-------+-------++-------
  Melee: Unarmed           |     2 |       |       |       ||     2
         Spear             |    27 |    38 |       |       ||    65
         Scimitar          |       |    58 |    68 |       ||   126
         Punch             |       |     2 |     1 |     1 ||     4
         Staff             |       |       |    40 |   172 ||   212
   Cast: Sting             |    46 |    39 |    35 |     4 ||   124
         Olgreb's Toxic Ra |       |    12 |    29 |    52 ||    93
         Ignite Poison     |       |       |     4 |    23 ||    27
         Mephitic Cloud    |       |       |       |     1 ||     1
 Invoke: Slouch            |       |       |       |     2 ||     2
Ability: Dig               |       |       |     1 |       ||     1
  Evoke: Wand              |       |       |     5 |     7 ||    12
    Use: Scroll            |       |       |     5 |     7 ||    12
         Potion            |       |       |       |     1 ||     1
   Stab: Sleeping          |     1 |     8 |     1 |     2 ||    12
         Distracted        |       |       |     1 |       ||     1
 Armour: Robe              |     6 |    33 |    21 |       ||    60
         Steam dragon scal |       |       |    31 |    12 ||    43
         Ring mail         |       |       |       |    32 ||    32
  Dodge: Dodged            |    16 |    81 |   107 |   180 ||   384
  Block: Kite shield       |       |       |       |   103 ||   103

Table legend: (Time is in decaauts)
 A = Elapsed time spent in this place.
 B = Non-inter-level travel time spent in this place.
 C = Inter-level travel time spent in this place.
 D = Time resting spent in this place.
 E = Time spent auto-exploring this place.
 F = Levels seen in this place.
 G = Mean time per level.
                   A        B        C        D        E       F      G
               +--------+--------+--------+--------+--------+-----+--------+
         Total |  12922 |  12523 |    399 |   1733 |   8025 |  14 |  923.0 |
       Dungeon |  12257 |  11877 |    380 |   1426 |   7877 |  12 | 1021.4 |
        Temple |     80 |     61 |     19 |      0 |     43 |   1 |   80.0 |
        Bailey |    584 |    584 |      0 |    307 |    104 |   1 |  584.0 |
               +--------+--------+--------+--------+--------+-----+--------+

Top non-repeatable levels by time:
     D:7: 2041 daAuts
    D:11: 1349 daAuts
     D:9: 1282 daAuts
     D:5: 1101 daAuts
     D:8: 1095 daAuts
     D:3: 1076 daAuts
     D:1: 1027 daAuts
     D:6: 1003 daAuts
    D:10: 791 daAuts
     D:2: 784 daAuts
     D:4: 695 daAuts
  Bailey: 584 daAuts
  Temple: 80 daAuts
    D:12: 9 daAuts
